 Dungeon Crawl Stone Soup version 0.29-a0-384-g6960b1960d (webtiles) character file.

Game seed: 16968506200588634395

19498 sammy202020 the Fighter (level 12, -8/102 HPs)
             Began as a Demonspawn Berserker on May 7, 2022.
             Was a High Priest of Trog.
             Killed by divine providence
             ... invoked by a meliai
              (11 damage)
             ... on level 13 of the Dungeon.
             The game lasted 00:25:00 (12191 turns).

sammy202020 the Fighter (Demonspawn Berserker)     Turns: 12191, Time: 00:25:01

Health: -8/102     AC: 19    Str: 20    XL:     12   Next: 37%
Magic:  12/12      EV: 10    Int: 12    God:    Trog [*****.]
Gold:   466        SH:  5    Dex: 12    Spells: 11/11 levels left

rFire   . . .      SeeInvis .   o - +0 war axe (freeze)
rCold   . . .      Faith    .   L - +1 buckler {rPois}
rNeg    . . .      Spirit   .   l - +1 plate armour
rPois   +          Reflect  .   K - +1 hat {Will+}
rElec   .          Harm     .   A - +0 cloak
rCorr   +          Rampage  .   c - +0 pair of gloves
Will    +....                   b - +0 pair of boots
Stlth   ..........              t - amulet of regeneration
HPRegen 1.07/turn               D - ring of resist corrosion
MPRegen 0.13/turn               M - ring of poison resistance

@: no status effects
A: antennae 1, ignite blood 3, powered by death 1, sturdy frame 2
a: Renounce Religion, Berserk, Trog's Hand, Brothers in Arms


You were on level 13 of the Dungeon.
You worshipped Trog.
Trog was extremely pleased with you.
You visited 1 branch of the dungeon, and saw 13 of its levels.
You also visited: Ossuary.

You collected 868 gold pieces.
You spent 402 gold pieces at shops.

Inventory:

Hand Weapons
 g - a +0 flail
 o - a +0 war axe of freezing (weapon)
 z - a +4 quarterstaff of chaos
 I - a +2 scimitar of flaming
Missiles
 h - 2 throwing nets (quivered)
 m - 8 boomerangs
 y - 8 javelins
Armour
 b - a +0 pair of boots (worn)
 c - a +0 pair of gloves (worn)
 l - a +1 plate armour (worn)
 A - a +0 cloak (worn)
 K - a +1 hat of willpower (worn)
 L - a +1 buckler of poison resistance (worn)
Jewellery
 k - a ring of willpower
 t - an amulet of regeneration (around neck)
 D - a ring of resist corrosion (left hand)
 F - an amulet of the acrobat
 J - a ring of magical power
 M - a ring of poison resistance (right hand)
Wands
 u - a wand of iceblast (3)
 P - a wand of mindburst (5)
Scrolls
 a - 2 scrolls of enchant weapon
 n - 10 scrolls of teleportation
 r - 3 scrolls of vulnerability
 C - 2 scrolls of poison
 G - a scroll of enchant armour
 O - a scroll of magic mapping
 R - 2 scrolls of fog
Potions
 d - 2 potions of attraction
 e - 2 potions of magic
 f - a potion of resistance
 i - 5 potions of brilliance
 j - 3 potions of lignification
 p - 3 potions of berserk rage
 q - 2 potions of degeneration
 s - 14 potions of curing
 v - 5 potions of flight
 w - a potion of mutation {unknown}
 x - 2 potions of haste
 B - 3 potions of might {unknown}
 E - a potion of cancellation {unknown}
 H - a potion of invisibility {unknown}


   Skills:
 * Level 12.3 Fighting
 * Level 11.3 Axes
 + Level 8.0 Armour
 + Level 7.9 Dodging
 + Level 2.2 Shields


You had 11 spell levels left.
You didn't know any spells.
Your spell library was empty.

Dungeon Overview and Level Annotations

Branches:
Dungeon (13/15)            Temple (0/1) D:7            Lair (0/6) D:10
    Orc (0/2) D:11        Ossuary (visited)
 Vaults: D:13-14

Altars:
Elyvilon
Kikubaaqudgha

Shops:
D:8 (   D:9 *

Annotations:
D:4 2 transporters, elongatedgoose's ghost, novice TrBe


Innate Abilities, Weirdness & Mutations

You have a pair of small antennae on your head.
Your demonic aura causes all spilled blood to erupt in flames.
You regenerate a little health from kills.
Your movements are less encumbered by armour. (ER -4)


Message History

A meliai comes into view. It is wielding a +0 war axe.
The meliai buzzes angrily.
You hear an angry buzzing noise.
You hear a shout!
A meliai comes into view. It is wielding a +0 hand axe.
There are monsters nearby!
The meliai buzzes angrily.
You hear a shout!
A meliai comes into view. It is wielding a +0 hand axe.
The meliai hits you with a +0 war axe! The meliai barely misses you.
You closely miss the meliai. You hit the meliai. You freeze the meliai.
The meliai mumbles some strange prayers to its god against you.
Something smites you!
The meliai calls down the wrath of its god upon you.
Something smites you! The meliai closely misses you.
The meliai barely misses you.
You hear a shout!
The meliai attacks as you move away! The meliai hits you with a +0 hand axe.
The meliai stings you but does no damage.
The meliai invokes the aid of its god against you.
Something smites you!
Okay, then.
The meliai hits you with a +0 hand axe! The meliai stings you.
The meliai closely misses you. The meliai misses you.
The meliai hits you but does no damage. The meliai stings you.
The meliai invokes the aid of its god against you.
Something smites you!
* * * LOW HITPOINT WARNING * * *
The meliai barely misses you.
The meliai stings you but does no damage.
An orc wizard comes into view. It is wielding a +0 dagger.
The meliai mumbles some strange prayers to its god against you.
Something smites you!
* * * LOW HITPOINT WARNING * * *
You hear a shout!
The meliai calls down the wrath of its god upon you.
Something smites you!
* * * LOW HITPOINT WARNING * * *
A centaur comes into view.
The centaur shouts!
The meliai invokes the aid of its god against you.
Something smites you!
You die...

###### #....#
#.<..# #....#
########....#
............#
########....#
####.@.....#
#yy○.......#
#.y###.....#
.o... #.#####
...c... ..#
...#### ###
.. #


You could see 3 meliai, a centaur and an orc wizard.

Vanquished Creatures
  Gastronok (D:11)
  2 boulder beetles (D:11)
  Harold (D:9)
  Erica (D:8)
  3 two-headed ogres
  Pikel (D:6)
  An ugly thing (D:12)
  A manticore (D:6)
  A cyclops (D:12)
  A gargoyle (D:12)
  Psyche (D:11)
  4 trolls
  6 slime creatures (D:12)
  A dream sheep (shapeshifter) (D:11)
  Grinder (D:4)
  Sigmund (D:6)
  3 shadows
  4 wraiths
  2 wyverns
  Eustachio (D:6)
  9 yaks
  16 vampire mosquitoes
  4 steam dragons
  Menkaure (D:5)
  5 acid dragons
  3 water moccasins
  3 black bears (D:10)
  4 orc warriors
  5 centaurs
  2 lemures (D:6)
  3 kobold brigands
  Blork the orc (D:4)
  3 bullfrogs
  2 scorpions
  5 water moccasin zombies (Ossuary)
  13 killer bees
  A howler monkey (D:6)
  3 vampire bats (D:9)
  4 hounds
  2 jellies
  Crazy Yiuf (D:4)
  2 orc priests
  3 iguanas
  6 orc wizards
  3 mummies
  A gnoll (D:4)
  9 adders
  5 adder zombies (Ossuary)
  3 worms
  3 dart slugs
  19 orcs
  5 bat skeletons (D:9)
  2 bat zombies (D:9)
  3 endoplasms
  4 giant cockroaches
  4 gnoll zombies (Ossuary)
  8 goblins
  7 hobgoblins
  5 quokkas
  3 ball pythons
  7 bats
  A frilled lizard (D:1)
  5 hobgoblin zombies (Ossuary)
  19 kobolds
  2 kobold zombies (Ossuary)
  5 orc zombies (Ossuary)
  7 rats
268 creatures vanquished.

Vanquished Creatures (others)
  3 fungi (D:10)
  4 plants (D:10)
7 creatures vanquished.

Grand Total: 275 creatures vanquished

Notes
Turn   | Place    | Note
-------+----------+-------------------------------------------
     0 | D:1      | sammy202020 the Demonspawn Berserker began the quest for
                  | the Orb.
     0 | D:1      | Reached XP level 1. HP: 18/18 MP: 1/1
   275 | D:1      | Gained mutation: Your movements are slightly less
                  | encumbered by armour. (ER -2) [demonic ancestry]
   275 | D:1      | Reached XP level 2. HP: 24/24 MP: 2/2
  1017 | D:1      | Gained mutation: You regenerate a little health from kills.
                  | [demonic ancestry]
  1017 | D:1      | Reached XP level 3. HP: 28/29 MP: 3/3
  1298 | D:2      | Reached ** piety under Trog
  1522 | D:2      | Found a faded altar of an unknown god.
  1953 | D:3      | Gained mutation: You have a pair of small antennae on your
                  | head. [demonic ancestry]
  1953 | D:3      | Reached XP level 4. HP: 37/37 MP: 4/4
  2806 | D:4      | Noticed Blork the orc
  2815 | D:4      | Killed Blork the orc
  2816 | D:4      | Reached skill level 4 in Fighting
  2816 | D:4      | Reached XP level 5. HP: 42/42 MP: 5/5
  2854 | D:4      | Noticed Grinder
  2859 | D:4      | Paralysed by Grinder for 3 turns
  2875 | D:4      | Killed Grinder
  2876 | D:4      | Gained mutation: Your movements are less encumbered by
                  | armour. (ER -4) [demonic ancestry]
  2876 | D:4      | Reached XP level 6. HP: 20/50 MP: 6/6
  3068 | D:4      | Found a transporter.
  3068 | D:4      | Noticed elongatedgoose's ghost (novice TrBe)
  3154 | D:4      | Found a transporter.
  3163 | D:4      | Found a sand-covered staircase.
  3171 | Ossuary  | Entered an ossuary
  3272 | Ossuary  | Reached skill level 5 in Fighting
  3355 | Ossuary  | Reached XP level 7. HP: 53/56 MP: 7/7
  3392 | Ossuary  | Reached *** piety under Trog
  3420 | Ossuary  | Reached skill level 5 in Axes
  4153 | D:4      | Found a runed translucent door.
  4154 | D:4      | Noticed Crazy Yiuf
  4287 | D:4      | Reached skill level 6 in Fighting
  4672 | D:4      | Killed Crazy Yiuf
  4781 | D:5      | Entered Level 5 of the Dungeon
  4793 | D:5      | Gained mutation: Your demonic aura sometimes causes spilled
                  | blood to erupt in flames. [demonic ancestry]
  4793 | D:5      | Reached XP level 8. HP: 64/64 MP: 8/8
  5513 | D:5      | Noticed Menkaure
  5521 | D:5      | Killed Menkaure
  6106 | D:6      | Noticed Pikel
  6146 | D:6      | Killed Pikel
  6147 | D:6      | Reached skill level 7 in Fighting
  6562 | D:6      | Noticed a manticore
  6563 | D:6      | Noticed Eustachio
  6569 | D:6      | Killed a manticore
  6570 | D:6      | Reached XP level 9. HP: 66/72 MP: 9/9
  6584 | D:6      | Killed Eustachio
  6799 | D:6      | Reached skill level 5 in Armour
  6829 | D:6      | Noticed Sigmund
  6834 | D:6      | Killed Sigmund
  6835 | D:6      | Reached skill level 8 in Fighting
  6981 | D:7      | Reached skill level 5 in Dodging
  7090 | D:7      | Found a staircase to the Ecumenical Temple.
  7848 | D:8      | Reached **** piety under Trog
  7913 | D:8      | Noticed a two-headed ogre
  7915 | D:8      | Found Jyce's Weapon Shoppe.
  7922 | D:8      | Killed a two-headed ogre
  7923 | D:8      | Reached skill level 9 in Fighting
  7923 | D:8      | Gained mutation: Your demonic aura often causes spilled
                  | blood to erupt in flames. [demonic ancestry]
  7923 | D:8      | Reached XP level 10. HP: 59/83 MP: 10/10
  8200 | D:8      | Noticed Erica
  8214 | D:8      | Killed Erica
  9119 | D:9      | Found an ancient bone altar of Kikubaaqudgha.
  9291 | D:9      | Reached skill level 10 in Fighting
  9579 | D:9      | Found Giggeon's Serpentskin Sales.
  9600 | D:9      | Bought a +1 buckler of poison resistance for 162 gold
                  | pieces
  9600 | D:9      | Bought a ring of poison resistance for 240 gold pieces
  9821 | D:9      | Noticed Harold
  9830 | D:9      | Killed Harold
  9831 | D:9      | Gained mutation: Your demonic aura causes all spilled blood
                  | to erupt in flames. [demonic ancestry]
  9831 | D:9      | Reached XP level 11. HP: 92/92 MP: 11/11
 10066 | D:10     | Entered Level 10 of the Dungeon
 10312 | D:10     | Identified the +1 robe of the Moon Troll {Int-4 Stlth+
                  | Archmagi}
 10514 | D:10     | Found a staircase to the Lair.
 10736 | D:11     | Noticed Gastronok
 10755 | D:11     | Killed Gastronok
 10756 | D:11     | Reached skill level 11 in Fighting
 10756 | D:11     | Reached skill level 10 in Axes
 10775 | D:11     | Noticed Psyche
 10782 | D:11     | Killed Psyche
 10961 | D:11     | Noticed a boulder beetle
 10986 | D:11     | Killed a boulder beetle
 11074 | D:11     | Noticed a two-headed ogre
 11075 | D:11     | Noticed a boulder beetle
 11084 | D:11     | Killed a two-headed ogre
 11096 | D:11     | Killed a boulder beetle
 11162 | D:11     | Found a staircase to the Orcish Mines.
 11217 | D:11     | Noticed a two-headed ogre
 11223 | D:11     | Killed a two-headed ogre
 11573 | D:12     | Reached XP level 12. HP: 102/102 MP: 12/12
 11580 | D:12     | Reached skill level 1 in Shields
 11719 | D:12     | Reached skill level 12 in Fighting
 12119 | D:12     | Reached ***** piety under Trog
 12190 | D:13     | HP: 2/102 [meliai/divine providence (12)]
 12191 | D:13     | Killed from afar by a meliai

Illustrated notes

Levels and vault maps discovered:
D:1:      dpeg_arrival_pond, layout_loops_ring, nrook_mini_vaults,
          glass_columns_c, minmay_misc_feat_encased
D:2:      layout_basic, hellmonk_ecumenical_altar_blasted
D:3:      layout_basic
D:4:      layout_basic, gammafunk_ghost_arena, gup_ossuary_entry_pyramid,
          cheibrodos_gnoll_hut, uniq_blork_the_orc, uniq_crazy_yiuf_cottage,
          uniq_grinder
D:5:      layout_layer_cave, serial_glass, glass_columns_a, glass_columns_a,
          glass_columns_a, glass_columns_a, uniq_menkaure
D:6:      layout_rooms, minmay_puff, uniq_eustachio, uniq_pikel, uniq_sigmund
D:7:      layout_loops_ring, minmay_temple_entry_ruins
D:8:      layout_basic, serial_shops, nicolae_shop_behind_doors,
          kennysheep_small_square, uniq_erica
D:9:      layout_basic, kennysheep_vampire_church, guppyfry_shop_venom,
          uniq_harold
D:10:     layout_roguey, grunt_lair_entry_orc_guard_hut
D:11:     layout_irregular_city, orc_0_dummy, elyvilon_altar_4, uniq_psyche,
          uniq_gastronok
D:12:     layout_rooms
D:13:     layout_rooms, minmay_hollow_rounded_squares

Skill      XL: |  1  2  3  4  5  6  7  8  9 10 11 12 |
---------------+-------------------------------------+-----
Dodging        | 2 3 4 5 6 7 |  7.9
Armour         | 2 3 4 5 6 7 8 |  8.0
Axes           | 3 4 5 6 8 9 10 11 | 11.3
Fighting       | 4 5 6 7 9 10 11 12 | 12.3
Shields        | 2 |  2.2

Action                   |  1- 3 |  4- 6 |  7- 9 | 10-12 || total
-------------------------+-------+-------+-------+-------++-------
Melee: Hand axe          |   110 |    78 |       |       ||   188
       Punch             |     1 |     1 |     5 |     1 ||     8
       War axe           |       |    67 |   243 |   439 ||   749
Throw: Boomerang         |       |       |       |     3 ||     3
       Throwing net      |       |       |       |     1 ||     1
Invok: Berserk           |     1 |     2 |     2 |     8 ||    13
       Trog's Hand       |       |     2 |       |     6 ||     8
  Use: Scroll            |     3 |     5 |     9 |     8 ||    25
       Potion            |       |       |     3 |     1 ||     4
 Stab: Sleeping          |     1 |       |       |       ||     1
Armor: Animal skin       |     3 |       |       |       ||     3
       Ring mail         |    21 |       |       |       ||    21
       Plate armour      |    21 |   123 |   251 |   274 ||   669
Dodge: Dodged            |    73 |    78 |   178 |   261 ||   590
Block: Buckler           |       |       |       |    76 ||    76

Table legend: (Time is in decaauts)
 A = Elapsed time spent in this place.
 B = Non-inter-level travel time spent in this place.
 C = Inter-level travel time spent in this place.
 D = Time resting spent in this place.
 E = Time spent auto-exploring this place.
 F = Levels seen in this place.
 G = Mean time per level.
                   A        B        C        D        E       F      G
               +--------+--------+--------+--------+--------+-----+--------+
         Total |  12452 |  12176 |    276 |   1718 |   8083 |  14 |  889.4 |
       Dungeon |  11985 |  11709 |    276 |   1706 |   7815 |  13 |  921.9 |
       Ossuary |    467 |    467 |      0 |     12 |    268 |   1 |  467.0 |
               +--------+--------+--------+--------+--------+-----+--------+

Top non-repeatable levels by time:
     D:4: 1571 daAuts
     D:8: 1362 daAuts
     D:5: 1329 daAuts
     D:1: 1150 daAuts
     D:9: 1085 daAuts
     D:3: 880 daAuts
    D:11: 878 daAuts
     D:6: 877 daAuts
     D:2: 810 daAuts
     D:7: 710 daAuts
    D:12: 681 daAuts
    D:10: 631 daAuts
 Ossuary: 467 daAuts
    D:13: 14 daAuts
